 Dungeon Crawl Stone Soup version 0.25.1-8-g42b30a86e7 (webtiles) character file.

Game seed: 11297835604687505591

3299 tsbored the Fighter (level 9, -2/96 HPs)
             Began as a Troll Hunter on Dec 3, 2020.
             Was a Priest of Okawaru.
             Slain by a troll (6 damage)
             ... on level 8 of the Dungeon.
             The game lasted 00:24:35 (6550 turns).

tsbored the Fighter (Troll Hunter)                  Turns: 6550, Time: 00:24:36

Health: -2/96      AC:  6    Str: 22    XL:     9   Next: 70%
Magic:  15/17      EV: 14    Int:  7    God:    Okawaru [***...]
Gold:   383        SH: 11    Dex: 13    Spells: 8/8 levels left

rFire    . . .     SeeInvis .   H - +9 mace of the Purse {vorpal, +Blink rC+ MP+9}
rCold    + . .     Gourm    +   N - +0 kite shield
rNeg     + . .     Faith    .   l - +0 robe {MR+}
rPois    .         Spirit   .   (helmet restricted)
rElec    .         Reflect  .   (no cloak)
rCorr    .         Harm     .   (gloves unavailable)
MR       +....                  (boots unavailable)
Stlth    +++.......             (no amulet)
HPRegen  0.66/turn              z - ring of positive energy
MPRegen  0.15/turn              (no ring)

@: heroism
A: large, unfitting armour, claws 3, fast metabolism 3, gourmand, regeneration
1, shaggy fur 1, tough skin 3
a: Heroism, Renounce Religion, Evoke Blink


You were on level 8 of the Dungeon.
You worshipped Okawaru.
Okawaru was most pleased with you.
You were not hungry.

You visited 2 branches of the dungeon, and saw 9 of its levels.
You also visited: Sewer.

You collected 383 gold pieces.

Inventory:

Hand Weapons
 a - a +0 short sword
 c - a +2 rapier of venom
 C - a +1 hand axe of flaming
 F - a +2 quarterstaff of chaos
 H - the +9 mace of the Purse (weapon) {vorpal, +Blink rC+ MP+9}
   (You found it on level 5 of the Dungeon)

   It inflicts extra damage upon your enemies.
   It protects you from cold.
   It affects your magic capacity (+9).
   It lets you blink.
 I - a +1 dagger of electrocution
Missiles
 d - 5 large rocks
 j - 203 stones
 m - 10 boomerangs (quivered)
 p - 6 javelins
 w - 3 throwing nets
 K - 36 poisoned darts
 O - 4 silver javelins
Armour
 b - a +0 robe
 l - a +0 robe of magic resistance (worn)
 y - a +0 kite shield
 G - a +0 cloak
 N - a +0 kite shield (worn)
Jewellery
 z - a ring of positive energy (left claw)
 M - an uncursed ring of attention
 P - the cursed ring of Propriety {rC+ Dex-4}
   (You found it on level 8 of the Dungeon)

   [ring of dexterity]

   It affects your dexterity (-4).
   It protects you from cold.
   It has a curse placed upon it.
Wands
 u - a wand of disintegration (12)
 A - a wand of iceblast (5)
 B - a wand of clouds (10)
Scrolls
 e - a scroll of identify
 h - 6 scrolls of remove curse
 n - 2 scrolls of immolation {unknown}
 r - 2 scrolls of teleportation {unknown}
 t - a scroll of blinking {unknown}
 v - 4 scrolls of enchant armour {unknown}
 E - 2 scrolls of amnesia {unknown}
 J - 4 scrolls of fog {unknown}
Potions
 i - 4 potions of brilliance
 o - 3 potions of resistance
 q - a potion of mutation
 s - 2 potions of stabbing {unknown}
 x - a potion of invisibility {unknown}
 D - 2 potions of haste {unknown}
 L - a potion of might {unknown}
Comestibles
 f - 9 rations


   Skills:
 * Level 8.2(13.2) Fighting
 * Level 3.4(8.4) Maces & Flails
 - Level 3.6(8.6) Throwing
 + Level 3.7(8.7) Dodging
 - Level 0.3(5.3) Stealth
 + Level 3.2(8.2) Shields
 + Level 6.6(11.6) Unarmed Combat


You had 8 spell levels left.
You didn't know any spells.
Your spell library was empty.

Dungeon Overview and Level Annotations

Branches:
Dungeon (8/15)             Temple (1/1) D:7           Sewer (visited)
   Lair: D:8-11

Altars:
Ashenzari
Dithmenos
Elyvilon
Fedhas
Gozag
Makhleb
Nemelex Xobeh
Okawaru
Qazlal
Ru
Sif Muna
Trog
Vehumet
Wu Jian
Xom
Yredelemnul
Zin
The Shining One


Innate Abilities, Weirdness & Mutations

You are too large for most types of armour.
You have claws for hands.
Your metabolism is lightning-fast.
You like to eat raw meat.
Your natural rate of healing is unusually fast.
You are covered in fur. (AC +1)
You have extremely tough skin. (AC +3)


Message History

Okay, then.
You gain the combat prowess of a mighty hero.
The troll bites you!
* * * LOW HITPOINT WARNING * * *
You block the troll's attack. x2
You closely miss the troll.
The troll is lightly wounded.
You block the troll's attack. The troll closely misses you.
The troll claws you but does no damage.
You hit the troll.
The troll is lightly wounded.
You block the troll's attack. The troll misses you.
The troll barely misses you.
You thump the troll!
The troll is heavily wounded.
You block the troll's attack. x3
You sock the troll!
The troll is almost dead.
The troll barely misses you. The troll claws you.
You die...

.# .. ##. ....#####. #.. ###
.....?..... .< ....#
...........##.# ....#
......[..$.#..##....#
..........##@###....#
..........##T##.....##
#.........#ZWZ.......####
#........................
#....<...................
#................?......≈
######................≈....≈≈
........#...........≈.≈..≈≈≈≈
........#............≈.≈.≈≈≈≈


You could see a troll, a phantom and 2 bullfrog skeletons.

Vanquished Creatures
  Sigmund (D:2)
  Eustachio (D:5)
  A hungry ghost (D:7)
  Menkaure (D:4)
  2 water moccasins (D:6)
  Duvessa (D:4)
  An ice beast (D:5)
  An orc warrior (D:6)
  2 phantoms (D:6)
  A sky beast (D:7)
  3 ogres (D:7)
  5 wolves (D:8)
  A crocodile (Sewer)
  Blork the orc (D:5)
  2 bullfrogs (D:6)
  Dowan (D:4)
  A scorpion (D:4)
  A howler monkey (D:6)
  A centaur zombie (D:6)
  A bullfrog zombie (D:6)
  3 crimson imps
  3 hounds
  2 orc priests (D:3)
  Crazy Yiuf (D:5)
  2 centaur skeletons
  Ijyb (D:4)
  A bullfrog skeleton (D:5)
  3 orc wizards (D:4)
  An iguana (D:4)
  Natasha (twice) (D:2)
  A howler monkey zombie (D:8)
  A worker ant zombie (D:7)
  A howler monkey skeleton (D:4)
  13 adders
  A shadow imp (D:5)
  3 oozes
  An adder skeleton (D:4)
  An adder zombie (D:7)
  3 worms
  2 dart slugs (D:3)
  6 leopard geckos
  20 orcs
  A ball python (D:3)
  5 giant cockroaches
  7 goblins
  3 hobgoblins (D:3)
  9 jackals
  A quokka (D:7)
  8 bats
  5 frilled lizards
  7 kobolds
  2 quokka zombies
  6 rats
155 creatures vanquished.

Notes
Turn   | Place    | Note
-------+----------+-------------------------------------------
     0 | D:1      | tsbored the Troll Hunter began the quest for the Orb.
     0 | D:1      | Reached XP level 1. HP: 19/19 MP: 0/0
   114 | D:1      | Reached skill level 2 in Fighting
   125 | D:1      | Reached XP level 2. HP: 25/28 MP: 1/1
   444 | D:1      | Reached skill level 1 in Unarmed Combat
   607 | D:2      | Reached XP level 3. HP: 29/36 MP: 2/2
  1171 | D:2      | Found an opulent altar of Gozag.
  1171 | D:2      | Noticed Natasha
  1190 | D:2      | Killed Natasha
  1190 | D:2      | Reached skill level 3 in Fighting
  1190 | D:2      | Reached XP level 4. HP: 12/45 MP: 3/3
  1330 | D:2      | Noticed Sigmund
  1343 | D:2      | Killed Sigmund
  1343 | D:2      | Reached skill level 4 in Fighting
  1343 | D:2      | Reached XP level 5. HP: 45/54 MP: 4/4
  1425 | D:2      | Noticed Natasha
  1431 | D:2      | Killed Natasha
  1604 | D:3      | Reached XP level 6. HP: 63/63 MP: 5/5
  1683 | D:3      | Found a white marble altar of Elyvilon.
  1824 | D:3      | Found a glowing drain.
  1850 | Sewer    | Entered a sewer
  2060 | D:3      | Found a glowing silver altar of Zin.
  2168 | D:3      | Reached skill level 5 in Fighting
  2752 | D:4      | Reached XP level 7. HP: 72/72 MP: 6/6
  2826 | D:4      | Noticed Menkaure
  2828 | D:4      | Killed Menkaure
  2828 | D:4      | Noticed Duvessa
  2831 | D:4      | Noticed Dowan
  2833 | D:4      | Killed Duvessa
  2833 | D:4      | Reached skill level 6 in Fighting
  2868 | D:4      | Killed Dowan
  2981 | D:4      | Reached skill level 5 in Unarmed Combat
  3090 | D:4      | Reached XP level 8. HP: 84/84 MP: 7/7
  3164 | D:4      | Noticed Ijyb
  3176 | D:4      | Killed Ijyb
  3244 | D:4      | Found an iron altar of Okawaru.
  3253 | D:4      | Became a worshipper of Warmaster Okawaru
  3426 | D:5      | Entered Level 5 of the Dungeon
  3589 | D:5      | Noticed Eustachio
  3594 | D:5      | Killed Eustachio
  3617 | D:5      | Found a runed translucent door.
  3618 | D:5      | Noticed Crazy Yiuf
  3627 | D:5      | Killed Crazy Yiuf
  3627 | D:5      | Reached skill level 1 in Shields
  3633 | D:5      | Got a warped mace
  3634 | D:5      | Identified the +9 mace of the Purse {vorpal, +Blink rC+
                  | MP+9} (You found it on level 5 of the Dungeon)
  3763 | D:5      | Noticed Blork the orc
  3772 | D:5      | Killed Blork the orc
  3904 | D:5      | Reached skill level 7 in Fighting
  4255 | D:6      | Reached * piety under Okawaru
  4444 | D:6      | Found an iron altar of Okawaru.
  4743 | D:6      | Reached ** piety under Okawaru
  4948 | D:6      | Reached XP level 9. HP: 91/93 MP: 8/8
  4965 | D:6      | Reached skill level 1 in Maces & Flails
  5729 | D:7      | Found a staircase to the Ecumenical Temple.
  5754 | Temple   | Entered the Ecumenical Temple
  6003 | D:7      | Reached skill level 8 in Fighting
  6004 | D:7      | Found a shattered altar of Ashenzari.
  6367 | D:8      | Got a twitching steel ring
  6371 | D:8      | Identified the cursed ring of Propriety {rC+ Dex-4} (You
                  | found it on level 8 of the Dungeon)
  6472 | D:8      | Noticed a troll
  6498 | D:8      | Reached *** piety under Okawaru
  6546 | D:8      | HP: 2/96 [troll (14)]
  6550 | D:8      | Slain by a troll

Illustrated notes

Levels and vault maps discovered:
D:1:      sevenhm_arrival_forest_fort_small_3, layout_rooms
D:2:      layout_basic, nicolae_gozag_seed_capital, uniq_sigmund, uniq_natasha
D:3:      wad_lake_hut, layout_loops_ring, nicolae_overflow_crystal_walls,
          old_standard_altar, portal_sewer_entry_d,
          chequers_serial_rivers_marsh, minmay_misc_feat_tower,
          kennysheep_generic_room_11
D:4:      layout_rooms, corexii_leaking_fountain, kennysheep_nub,
          hangedman_decor_points, minivault_27, kennysheep_okawaru_gauntlet,
          uniq_duvessa, uniq_ijyb, uniq_menkaure
D:5:      layout_loops_ring, first_ration, moated_statue, kennysheep_boxes,
          uniq_eustachio, uniq_crazy_yiuf_cottage, uniq_blork_the_orc
D:6:      layout_layer_cave, overflow_temple_1_default
D:7:      layout_gridville, kennysheep_mini_moat, minmay_temple_entry_ruins
D:8:      layout_rooms, chequers_temple_overflow_statue_of_worship,
          erik_lair_island, grunt_ogre_cave, uniq_pikel
Temple:   nicolae_temple_god_jail

Skill      XL: |  1  2  3  4  5  6  7  8  9 |
---------------+----------------------------+-----
Fighting       | 2 3 4 5 6 7 8 |  8.2
Unarmed Combat | 1 3 4 5 6 |  6.6
Dodging        | 3 |  3.7
Shields        | 2 3 |  3.2
Maces & Flails | 3 |  3.4
Throwing       | |  3.6
Stealth        | |  0.3

Action                   |  1- 3 |  4- 6 |  7- 9 || total
-------------------------+-------+-------+-------++-------
Melee: Unarmed           |    76 |    95 |    54 ||   225
       Mace              |       |       |   165 ||   165
Throw: Stone             |     3 |       |       ||     3
       Large rock        |     3 |     5 |     6 ||    14
       Boomerang         |     8 |    39 |    71 ||   118
       Throwing net      |       |       |     3 ||     3
       Javelin           |       |       |     1 ||     1
Invok: Heroism           |       |       |     2 ||     2
Evoke: Wand              |       |     2 |       ||     2
  Use: Scroll            |       |     1 |     7 ||     8
       Potion            |       |       |     6 ||     6
 Stab: Sleeping          |       |     3 |     1 ||     4
  Eat: Chunk             |    16 |    15 |    27 ||    58
       Ration            |       |       |     2 ||     2
Armor: Robe              |    29 |    24 |    71 ||   124
Dodge: Dodged            |    50 |    50 |   101 ||   201
Block: Kite shield       |       |       |    95 ||    95
